 Dungeon Crawl Stone Soup version 0.29.1-12-g30fa7ad0bf (webtiles) character file.

Game seed: 17767094168099194069

196 devnull the Trooper (level 5, -8/46 HPs)
             Began as a Ghoul Gladiator on Dec 29, 2022.
             Mangled by an ogre
             ... wielding a +0 giant club
              (31 damage)
             ... on level 3 of the Dungeon.
             The game lasted 00:06:56 (2408 turns).

devnull the Trooper (Ghoul Gladiator)               Turns: 2408, Time: 00:06:57

Health: -8/46      AC: 12    Str: 20    XL:     5   Next: 75%
Magic:  4/4        EV:  8    Int:  3    God:
Gold:   204        SH:  0    Dex: 10    Spells: 4/4 levels left

rFire   . . .      SeeInvis .   a - +0 war axe
rCold   + . .      Faith    .   (no shield)
rNeg    + + +      Spirit   .   g - +1 chain mail {Will+}
rPois   ∞          Reflect  .   c - +0 helmet
rElec   .          Harm     .   k - +0 cloak
rCorr   .          Rampage  .   (no gloves)
Will    +....                   (no boots)
Stlth   ..........              (no amulet)
HPRegen 0.00/turn               (no ring)
MPRegen 0.09/turn               (no ring)

@: inhibited regen
A: claws 1, cold resistance 1, negative energy resistance 3, inhibited
regeneration, torment resistance 2, devour on kill
a: no special abilities


You were on level 3 of the Dungeon.
You visited 1 branch of the dungeon, and saw 4 of its levels.

You collected 204 gold pieces.

Inventory:

Hand Weapons
 a - a +0 war axe (weapon)
Missiles
 d - 2 throwing nets (quivered)
 e - a javelin
 u - 3 silver boomerangs
Armour
 b - a +0 leather armour
 c - a +0 helmet (worn)
 g - a +1 chain mail of willpower (worn)
 k - a +0 cloak (worn)
 v - a +0 kite shield
Jewellery
 h - a ring of magical power
Wands
 j - a wand of paralysis (4)
Scrolls
 f - 2 scrolls of vulnerability
 i - 2 scrolls of amnesia
 m - a scroll of fog
 n - a scroll of teleportation
Potions
 l - 3 potions of attraction {unknown}
 o - a potion of degeneration {unknown}
 p - a potion of cancellation {unknown}
 q - 4 potions of curing
 r - 2 potions of haste {unknown}
 s - a potion of might {unknown}
 t - a potion of heal wounds {unknown}


   Skills:
 + Level 4.0 Fighting
 + Level 3.9 Axes
 - Level 1.7 Throwing
 + Level 2.5 Armour
 - Level 2.6 Dodging


You had 4 spell levels left.
You didn't know any spells.
Your spell library contained the following spells:

 Spells                   Type           Power      Damage    Failure   Level
 Freeze                   Ice            0%         1d3       100%        1
 Necrotise                Necr           0%         1d4       100%        1
 Frozen Ramparts          Ice            0%         1d1       100%        3
 Vampiric Draining        Necr           0%         2d6       100%        3
 Hailstorm                Conj/Ice       0%         3d3       100%        4
 Agony                    Necr           0%         N/A       100%        5


Dungeon Overview and Level Annotations

Branches:
Dungeon (4/15)             Temple (0/1) D:4

Altars:
Ru


Innate Abilities, Weirdness & Mutations

You are immune to poison.
You have sharp fingernails.
Your flesh is cold resistant. (rC+)
You are immune to negative energy. (rN+++)
You do not regenerate when monsters are visible.
You are immune to unholy pain and torment.
You thrive by killing the living.


Message History

The scorpion closely misses you.
You hit the scorpion.
You kill the scorpion!
You feel better.
Your Fighting skill increases to level 4!
Throw: 3 throwing nets
Press: ? - help, Q - select action, (/) - cycle Shift-Dir - straight line, f - ogre
Aim: an ogre, wielding a +0 giant club (73% to hit)
Okay, then.
The ogre hits you with a +0 giant club!
You climb upwards.
There is a stone staircase leading down here.
Throw: 3 throwing nets
Press: ? - help, Q - select action, (/) - cycle Shift-Dir - straight line, f - ogre
Aim: an ogre, wielding a +0 giant club (73% to hit)
You throw a throwing net. The throwing net hits the ogre.
The ogre is caught in the net!
The ogre struggles against the net.
You hit the ogre.
The ogre is lightly wounded.
The ogre struggles against the net.
You slash the ogre!
The ogre is heavily wounded.
The ogre struggles against the net.
You completely miss the ogre.
The ogre is heavily wounded.
The ogre struggles against the net.
You hit the ogre.
The ogre is severely wounded.
The ogre struggles against the net.
The net rips apart, and the ogre comes free!
The ogre hits you with a +0 giant club!
You are too injured to fight recklessly!
You are too injured to fight recklessly!
You are too injured to fight recklessly!
You barely miss the ogre.
The ogre is severely wounded.
The ogre hits you with a +0 giant club!!
Ouch! That really hurt!
You die...

#..........# #.......#.#....
#..........# #.......#.....#
#..........# #.......###.#.#
#..........########.#####...#.#
#..(.......##.......# #..#.#..
#..........##.......####.##....
######......#..................
#......#......(#.######...
#.......O@.......#.......#
#.....##......##.#.#######
##########..........#
#..........# #..........#
#..........# ############


You could see an ogre.

Vanquished Creatures
  A scorpion (D:4)
  Crazy Yiuf (D:3)
  Terence (D:2)
  An adder (D:2)
  A worm (D:4)
  An orc (D:3)
  14 bats
  3 endoplasms
  5 giant cockroaches
  4 goblins
  4 hobgoblins
  4 jackals (D:2)
  2 quokkas (D:1)
  11 ball pythons
  2 frilled lizards (D:1)
  5 kobolds
  4 rats (D:1)
64 creatures vanquished.

Vanquished Creatures (others)
  2 plants (D:1)
2 creatures vanquished.

Grand Total: 66 creatures vanquished

Notes
Turn   | Place    | Note
-------+----------+-------------------------------------------
     0 | D:1      | devnull the Ghoul Gladiator began the quest for the Orb.
     0 | D:1      | Reached XP level 1. HP: 17/17 MP: 0/0
   121 | D:1      | Reached XP level 2. HP: 24/25 MP: 1/1
   353 | D:1      | Reached skill level 1 in Armour
   454 | D:1      | Reached XP level 3. HP: 14/30 MP: 2/2
   684 | D:1      | Reached skill level 3 in Fighting
   900 | D:1      | Found a faded altar of an unknown god.
   988 | D:2      | Noticed Terence
  1031 | D:2      | HP: 1/31 [Terence/+0 short sword (3)]
  1035 | D:2      | Killed Terence
  1036 | D:2      | Reached XP level 4. HP: 12/38 MP: 3/3
  1469 | D:2      | Found a sacrificial altar of Ru.
  1942 | D:3      | Found a runed translucent door.
  1943 | D:3      | Noticed Crazy Yiuf
  2202 | D:3      | Killed Crazy Yiuf
  2203 | D:3      | Reached XP level 5. HP: 46/46 MP: 4/4
  2224 | D:4      | Noticed a phantom
  2306 | D:4      | Found a staircase to the Ecumenical Temple.
  2358 | D:4      | Noticed an ogre
  2359 | D:4      | Noticed an ogre
  2401 | D:4      | Reached skill level 4 in Fighting
  2408 | D:3      | Mangled by an ogre

Illustrated notes

Levels and vault maps discovered:
D:1:      minmay_arrival_diagonal_passages, layout_rooms,
          shapermc_ecumenical_altar_hornbeckon
D:2:      wander_river, layout_rooms, basic_altar, uniq_terence
D:3:      layout_basic, uniq_crazy_yiuf_cottage
D:4:      layout_basic, minmay_temple_entry_wispy, nicolae_ossuary_entry_ruins,
          gup_sewer_entry_pipe, serial_shops, shop, uniq_sigmund

Skill      XL: |  1  2  3  4  5 |
---------------+----------------+-----
Axes           | 3 |  3.9
Armour         | 1 2 |  2.5
Fighting       | 3 4 |  4.0
Throwing       | |  1.7
Dodging        | |  2.6

Action                   |  1- 3 |  4- 6 || total
-------------------------+-------+-------++-------
Melee: War axe           |   135 |    96 ||   231
Throw: Javelin           |     1 |       ||     1
       Throwing net      |     2 |     2 ||     4
  Use: Potion            |     2 |       ||     2
       Scroll            |     1 |     4 ||     5
Armor: Leather armour    |    72 |       ||    72
       Chain mail        |       |    64 ||    64
Dodge: Dodged            |   131 |    51 ||   182
